[Event "CCT Chessable Masters D-III 2024"]
[Site "Online"]
[Date "2024.02.04"]
[Round "54"]
[White "bardiya_Daneshvar"]
[Black "Matlakov, Maxim"]
[Result "1-0"]
[ECO "A14"]
[WhiteElo "2609"]
[BlackElo "2662"]
[Annotator "ChessBase"]
[PlyCount "115"]
[EventDate "2024.01.12"]
[EventType "k.o."]
[EventCountry "NET"]
[SourceTitle "playchess.com"]
[Source "ChessBase"]
[SourceQuality "1"]
[TimeControl "600+2"]

1. c4 Nf6 2. Nf3 e6 3. b3 d5 4. Bb2 Be7 5. g3 O-O 6. Bg2 c5 7. cxd5 Nxd5 8. O-O Nc6 9. Nc3 Bf6 10. Qc1 b6 11. Nxd5 exd5 12. d4 Ba6 13. Re1 Nxd4 14. Nxd4 cxd4 15. Qd2 Re8 16. Bxd4 Bxd4 17. Qxd4 Rxe2 18. Rxe2 Bxe2 19. Re1 Bb5 20. Bxd5 Bc6 21. Rd1 Bxd5 22. Qxd5 Qxd5 23. Rxd5 a5 24. Rd7 Rb8 25. Kg2 Kf8 26. Kf3 Ke8 27. Rc7 Rd8 28. Ke3 Rd6 29. a4 g5 30. Rb7 h5 31. Rb8+ Ke7 32. Rh8 Re6+ 33. Kd3 Rf6 34. Ke2 Re6+ 35. Kf1 Re4 36. Rxh5 f6 37. h4 Rb4 38. hxg5 fxg5 39. Rxg5 Rxb3 40. Rg4 Ke6 41. Rf4 Ke5 42. Ke2 Ra3 43. Kd2 Rb3 44. Kc2 Ra3 45. Kb2 Rd3 46. Rf8 Rd4 47. Kb3 Rb4+ 48. Ka3 Rc4 49. f3 Rd4 50. g4 Rd3+ 51. Kb2 Rd4 52. g5 Ke6 53. g6 Rd2+ 54. Kc3 Rg2 55. f4 Ke7 56. Rf7+ Ke8 57. f5 Rg4 58. Rb7 1-0

[Event "CCT Chessable Masters D-III 2024"]
[Site "Online"]
[Date "2024.02.04"]
[Round "54"]
[White "Antipov, Mikhail Al."]
[Black "youngKID"]
[Result "1-0"]
[ECO "C47"]
[WhiteElo "2604"]
[BlackElo "2577"]
[Annotator "ChessBase"]
[PlyCount "71"]
[EventDate "2024.01.12"]
[EventType "k.o."]
[EventCountry "NET"]
[SourceTitle "playchess.com"]
[Source "ChessBase"]
[SourceQuality "1"]
[TimeControl "600+2"]

1. e4 e5 2. Nf3 Nc6 3. Nc3 Nf6 4. h3 Bb4 5. Bd3 Bxc3 6. dxc3 d5 7. exd5 Qxd5 8. Qe2 O-O 9. Bc4 Qd6 10. O-O Be6 11. Bb5 Bd5 12. Bxc6 Bxc6 13. Qxe5 Qxe5 14. Nxe5 Be4 15. Bg5 Bxc2 16. Bxf6 gxf6 17. Nd7 Rfd8 18. Nxf6+ Kg7 19. Ng4 Rd2 20. Ne5 Bg6 21. Nc4 Re2 22. f4 f6 23. Rad1 b5 24. Rd7+ Kg8 25. f5 Bf7 26. Nd2 Be8 27. Rd3 Bc6 28. Rf2 Rae8 29. Nb3 Re1+ 30. Kh2 R8e2 31. Rxe2 Rxe2 32. Rg3+ Kf7 33. Nd4 Rxb2 34. Nxc6 Rxa2 35. Re3 Rc2 36. Nxa7 1-0

[Event "CCT Chessable Masters D-III 2024"]
[Site "Online"]
[Date "2024.02.04"]
[Round "54"]
[White "Indjic, Aleksandar"]
[Black "Tabatabaei, M. Amin"]
[Result "1-0"]
[ECO "C65"]
[WhiteElo "2595"]
[BlackElo "2696"]
[Annotator "ChessBase"]
[PlyCount "57"]
[EventDate "2024.01.12"]
[EventType "k.o."]
[EventCountry "NET"]
[SourceTitle "playchess.com"]
[Source "ChessBase"]
[SourceQuality "1"]
[TimeControl "600+2"]

1. e4 e5 2. Nf3 Nc6 3. Bb5 Nf6 4. d3 Bc5 5. Nbd2 d6 6. c3 O-O 7. O-O h6 8. h3 a6 9. Bxc6 bxc6 10. d4 exd4 11. cxd4 Bb6 12. Qc2 c5 13. d5 Re8 14. Re1 Bb7 15. Nc4 c6 16. Qb3 cxd5 17. Qxb6 dxe4 18. Qxb7 exf3 19. Rxe8+ Qxe8 20. Qxf3 Qe1+ 21. Kh2 d5 22. b3 Re8 23. Bb2 Qe2 24. Bxf6 Qxf3 25. gxf3 dxc4 26. Rg1 g6 27. bxc4 Re6 28. Bc3 Re2 29. Re1 1-0

[Event "CCT Chessable Masters D-III 2024"]
[Site "Online"]
[Date "2024.02.04"]
[Round "54"]
[White "youngKID"]
[Black "Antipov, Mikhail Al."]
[Result "1/2-1/2"]
[ECO "C67"]
[WhiteElo "2571"]
[BlackElo "2604"]
[Annotator "ChessBase"]
[PlyCount "100"]
[EventDate "2024.01.12"]
[EventType "k.o."]
[EventCountry "NET"]
[SourceTitle "playchess.com"]
[Source "ChessBase"]
[SourceQuality "1"]
[TimeControl "600+2"]

1. e4 e5 2. Nf3 Nc6 3. Bb5 Nf6 4. O-O Nxe4 5. Re1 Nd6 6. a4 Be7 7. Nc3 a6 8. Bf1 Nf5 9. Nxe5 Nxe5 10. Rxe5 d6 11. Re1 d5 12. d4 O-O 13. Bf4 c6 14. Qd2 a5 15. Rad1 Bf6 16. Ne2 Re8 17. c3 Nh4 18. Nc1 Ng6 19. Rxe8+ Qxe8 20. Re1 Qd8 21. Bg3 Bf5 22. Bd3 Qd7 23. Bxf5 Qxf5 24. Nd3 h6 25. h3 Nf8 26. Re2 Ne6 27. Be5 h5 28. Bxf6 Qxf6 29. Re5 g6 30. Qe3 Kg7 31. f4 h4 32. Qf2 Nf8 33. Rg5 Ne6 34. Rg4 Qf5 35. Ne5 Rh8 36. Kh2 Kf8 37. Nf3 Nxf4 38. Nxh4 Nxh3 39. Qg3 Nf2 40. Qd6+ Kg7 41. Rf4 Ne4 42. Qc7 Qe6 43. Kg1 Ng3 44. Kf2 Ne4+ 45. Kg1 Ng3 46. Kf2 Ne4+ 47. Kf3 Nd2+ 48. Kg3 Ne4+ 49. Kf3 Nd2+ 50. Kf2 Ne4+ 1/2-1/2

[Event "CCT Chessable Masters D-III 2024"]
[Site "Online"]
[Date "2024.02.04"]
[Round "55"]
[White "Bortnyk, Oleksandr"]
[Black "Indjic, Aleksandar"]
[Result "1-0"]
[ECO "C27"]
[WhiteElo "2639"]
[BlackElo "2595"]
[Annotator "ChessBase"]
[PlyCount "129"]
[EventDate "2024.01.12"]
[EventType "k.o."]
[EventCountry "NET"]
[SourceTitle "playchess.com"]
[Source "ChessBase"]
[SourceQuality "1"]
[TimeControl "600+2"]

1. e4 e5 2. Bc4 Nf6 3. d3 Bc5 4. Nc3 c6 5. Qf3 d6 6. Bg5 Be6 7. Nge2 Nbd7 8. Bxe6 fxe6 9. Qh3 Qe7 10. Na4 Bb4+ 11. c3 Ba5 12. b4 Bc7 13. O-O h6 14. Be3 a5 15. a3 axb4 16. axb4 O-O 17. f4 Ra6 18. Nb2 Rfa8 19. Rab1 b5 20. Kh1 Ra3 21. Nd1 Ra1 22. Nf2 Rxb1 23. Rxb1 Ra2 24. Re1 Rc2 25. fxe5 dxe5 26. Ng4 Nxg4 27. Qxg4 Nf6 28. Qf3 Qf7 29. Rc1 Ra2 30. Ng3 Qg6 31. h3 Bd6 32. Kh2 Kh7 33. Qd1 h5 34. Rc2 Ra3 35. Qf3 Ra1 36. Rf2 Bb8 37. Rf1 Ra3 38. Ne2 Ba7 39. Bxa7 Rxa7 40. Qe3 Ra2 41. Rf2 Qh6 42. Qg3 Rd2 43. Kg1 Rd1+ 44. Rf1 Rd2 45. Re1 h4 46. Qf3 Nh5 47. d4 Qg5 48. dxe5 Ng3 49. Nd4 Qxe5 50. Nxc6 Qg5 51. Nd4 e5 52. Nf5 Rc2 53. Kh2 Nh5 54. Qg4 Qxg4 55. hxg4 Nf4 56. Nxh4 Rxc3 57. Nf3 Nd3 58. Re3 Rb3 59. Nxe5 Nc1 60. Rxb3 Nxb3 61. Kg3 Nd4 62. Kf4 Kg8 63. Nd3 Nc6 64. Kf5 Kf7 65. Ne5+ 1-0

[Event "CCT Chessable Masters D-III 2024"]
[Site "Online"]
[Date "2024.02.04"]
[Round "55"]
[White "bardiya_Daneshvar"]
[Black "Antipov, Mikhail Al."]
[Result "1/2-1/2"]
[ECO "A36"]
[WhiteElo "2628"]
[BlackElo "2604"]
[Annotator "TA"]
[PlyCount "140"]
[EventDate "2024.01.12"]
[EventType "k.o."]
[EventCountry "NET"]
[SourceTitle "playchess.com"]
[Source "ChessBase"]
[SourceQuality "1"]
[TimeControl "600+2"]

1. c4 c5 2. g3 g6 3. Bg2 Bg7 4. Nc3 Nc6 5. a3 d6 6. Rb1 a5 7. d3 e6 8. Nf3 Nge7 9. O-O O-O 10. Nb5 Na7 11. Nxa7 Rxa7 12. b4 axb4 13. axb4 b6 14. Bb2 Bb7 15. Bxg7 Kxg7 16. bxc5 bxc5 17. Ra1 Qa8 18. Qb3 e5 19. Rxa7 Qxa7 20. Rb1 Bxf3 21. Bxf3 Rd8 22. e3 h5 23. Qb2 Ng8 24. Ra1 Qc7 25. Ra6 Rb8 26. Qa2 Nf6 27. h4 Rb6 28. Ra8 Rb4 29. Kg2 Qb6 30. Ra6 Qb8 31. Qa5 Rb2 32. Ra8 Qb6 33. Qxb6 Rxb6 34. Rd8 Ng8 35. Bd5 Ne7 36. Kf3 f5 (36... Nxd5 $11 37. cxd5 f6) 37. e4 $14 Rb3 (37... Nxd5 $14 38. exd5 Kf7) 38. Rd7 $1 $18 Kf8 39. Rxd6 Rxd3+ 40. Ke2 $1 Rd4 (40... Rc3 $16) 41. Rf6+ $18 Ke8 42. Bf7+ Kd8 43. exf5 (43. Bxg6 Rxe4+ 44. Kf1 Nxg6 45. Rxg6 Ke7 $16) 43... gxf5 44. Rh6 (44. Bxh5 Rxc4 45. Bf7 Rc2+ 46. Kf1 c4 $18) 44... Kd7 45. Be6+ (45. Bxh5 Rxc4 46. Ra6 Re4+ 47. Kf1 Rb4 $14) (45. Rxh5 Rd6 46. Rh7 Rf6) 45... Kc7 46. Rxh5 f4 47. g4 (47. Rxe5 Kd6 48. gxf4 Rxf4 $11) 47... e4 48. Rh6 $2 (48. Rxc5+ Kd6 49. Rf5 f3+ (49... Kxe6 50. Rxf4 Rxc4 51. f3 $11) 50. Ke3 Nxf5+ 51. Bxf5 Ke5 (51... Rxc4 52. Kf4 $14) 52. Bxe4 Rxe4+ 53. Kxf3 Rxc4 $19) (48. Bf7 $18) 48... Rd3 $2 {[%emt 0:00:06][%mdl 8192] [#]} (48... Nc6 $1 $11 49. g5 Rd3 50. Rh7+ Kd8) 49. Bf5 $1 $18 f3+ 50. Ke1 Rd4 {[%emt 0:00:03] [#]} 51. Re6 $1 Nxf5 52. gxf5 Kd7 53. h5 Rxc4 54. h6 (54. Kd2 $18) 54... e3 $2 (54... Rc1+ $14 55. Kd2 Rh1) 55. fxe3 $18 ({Weaker is} 55. Rxe3 Rh4 $16) 55... Rc2 56. Kf1 $2 (56. Re5 $18 {Strongly threatening f6.} Re2+ 57. Kf1) 56... Rh2 $11 57. Kg1 $2 (57. h7 $11 c4 58. Re4) 57... Rg2+ $2 ({Better is} 57... f2+ $19 58. Kf1 c4) 58. Kf1 Rh2 59. Ra6 (59. h7 {keeps more tension.} c4 60. Re4 c3 61. Rc4) 59... c4 60. Ra3 Kd6 61. e4 Ke5 62. Rxf3 Rxh6 63. Ke2 Kxe4 64. f6 Rh8 65. f7 Rf8 66. Rf1 c3 67. Kd1 Ke5 68. Kc2 Ke6 69. Kxc3 Rxf7 70. Rxf7 Kxf7 1/2-1/2

[Event "CCT Chessable Masters D-III 2024"]
[Site "Online"]
[Date "2024.02.04"]
[Round "55"]
[White "Antipov, Mikhail Al."]
[Black "bardiya_Daneshvar"]
[Result "1/2-1/2"]
[ECO "B51"]
[WhiteElo "2604"]
[BlackElo "2627"]
[Annotator "ChessBase"]
[PlyCount "80"]
[EventDate "2024.01.12"]
[EventType "k.o."]
[EventCountry "NET"]
[SourceTitle "playchess.com"]
[Source "ChessBase"]
[SourceQuality "1"]
[TimeControl "600+2"]

1. e4 c5 2. Nf3 d6 3. Bb5+ Nd7 4. O-O a6 5. Bd3 Ngf6 6. Re1 e6 7. Bf1 b6 8. d4 cxd4 9. Nxd4 Bb7 10. f3 Rc8 11. c4 g6 12. b3 Bg7 13. Ba3 Nc5 14. Nc3 O-O 15. Qd2 Qc7 16. Rac1 Qb8 17. Nd1 Rfe8 18. Nf2 Ba8 19. Bb2 Rcd8 20. b4 Ncd7 21. Ba1 Rc8 22. Nb3 Rcd8 23. Red1 Bf8 24. Qd4 h5 25. a3 Bc6 26. Kh1 Ba4 27. Rb1 Rc8 28. Nh3 b5 29. cxb5 Bxb5 30. Na5 Bxf1 31. Rxf1 Qb5 32. Rfd1 Rc2 33. Qe3 Rec8 34. Nb3 e5 35. Nd2 Nb6 36. Nf1 Ra2 37. Qb3 Qc4 38. Qe3 Qb5 39. Qb3 Qc4 40. Qe3 Qb5 1/2-1/2

[Event "CCT Chessable Masters D-III 2024"]
[Site "Online"]
[Date "2024.02.04"]
[Round "55"]
[White "Indjic, Aleksandar"]
[Black "Bortnyk, Oleksandr"]
[Result "1-0"]
[ECO "A45"]
[WhiteElo "2595"]
[BlackElo "2649"]
[Annotator "ChessBase"]
[PlyCount "63"]
[EventDate "2024.01.12"]
[EventType "k.o."]
[EventCountry "NET"]
[SourceTitle "playchess.com"]
[Source "ChessBase"]
[SourceQuality "1"]
[TimeControl "600+2"]

1. d4 Nf6 2. Bg5 b6 3. Nd2 Bb7 4. c3 d5 5. e3 e6 6. Bd3 Nbd7 7. f4 h6 8. Bh4 c5 9. Nh3 Bd6 10. O-O Qc7 11. a4 g5 12. Bg3 g4 13. Nf2 h5 14. Bh4 Bc6 15. g3 Qb7 16. Qe2 Ne4 17. Nfxe4 dxe4 18. Ba6 Qc7 19. f5 e5 20. d5 Bxd5 21. Nc4 Be7 22. f6 Bf8 23. Rad1 Bc6 24. b3 Rh6 25. Rf5 Rb8 26. Rd2 Ra8 27. Qd1 Rb8 28. Bb5 Rb7 29. Rxd7 Qxd7 30. Bxc6 Qxc6 31. Rxe5+ Be7 32. Nd6+ 1-0

[Event "CCT Chessable Masters D-III 2024"]
[Site "Online"]
[Date "2024.02.05"]
[Round "56"]
[White "Bortnyk, Oleksandr"]
[Black "Paravyan, David"]
[Result "1/2-1/2"]
[ECO "C84"]
[WhiteElo "2653"]
[BlackElo "2612"]
[Annotator "TA"]
[PlyCount "64"]
[EventDate "2024.01.12"]
[EventType "k.o."]
[EventCountry "NET"]
[SourceTitle "playchess.com"]
[Source "ChessBase"]
[SourceQuality "1"]
[TimeControl "600+2"]

1. e4 e5 2. Nf3 Nc6 3. Bb5 a6 4. Ba4 Nf6 5. Nc3 Be7 6. O-O b5 7. Bb3 d6 8. Nd5 O-O 9. Nxe7+ Qxe7 10. d3 Na5 11. h3 h6 12. Be3 c5 13. Qd2 Nxb3 14. axb3 Bb7 15. Nh4 {[%emt 0:00:26] [#] And now Nf5 would win.} Qe6 (15... Nxe4 $2 16. Nf5 Nxd2 17. Nxe7+ Kh7 18. Bxd2 $18) (15... Bc8 $11) 16. f4 $16 exf4 (16... Nd7 $142) 17. Bxf4 (17. Rxf4 g5 $16) 17... d5 {[%emt 0:00:07] [#]} 18. Nf5 $1 {[%emt 0:02:02][%cal Of4h6] Bxh6! would now be deadly.} Nd7 $2 (18... Nh7 19. Bd6 Rfe8) 19. Rae1 $2 (19. Bxh6 $18 {and the rest is easy.} gxh6 20. exd5 Bxd5 21. Rae1 (21. Nxh6+ Kh7 $17)) 19... dxe4 20. dxe4 $40 {[%emt 0:00:04][%mdl 128] Strongly threatening Rf3. White attacks with force.} Rad8 $2 (20... Kh7 $16 {keeps fighting.}) 21. Qc3 $18 f6 (21... Qf6 $142 22. Qg3 Kh8) 22. Bxh6 ({Don't do} 22. Qg3 g5 23. Bd6 (23. Nxh6+ Kh7 $18) 23... Rfe8) 22... Qe5 (22... g6 $142 23. Qg3 Ne5) 23. Bxg7 (23. Qf3 $142) 23... Qxc3 24. bxc3 Rfe8 25. Rf4 Re6 26. Rg4 Kf7 (26... Ne5 {is a better defense.}) 27. Rd1 {[%emt 0:00:07] Hoping for Bh6.} Bc6 28. Nd6+ $2 (28. Bh6 $18 {White wants to mate with Rg7+.} Rg8 29. Nd6+ Ke7 30. Rxg8 Rxd6 31. Re8+ Kxe8 32. Rxd6) 28... Ke7 $11 29. Nf5+ (29. e5 $11 Nxe5 30. Nf5+ Ke8 31. Rxd8+ Kxd8 32. Rh4) 29... Kf7 $18 30. Nd6+ $2 (30. Bh6 $18 {Rg7+ would kill now.} Rg8 31. Nd6+ Ke7 32. Rxg8 Rxd6 33. Bf8+ Nxf8 34. Rxd6 Kxd6 35. Rxf8) 30... Ke7 $11 31. Nf5+ Ke8 $2 (31... Kf7 $11 {and Black stays safe.} 32. Bh6 Rg8 33. Nd6+ Ke7 34. Rxg8 Rxd6) 32. Nd6+ $2 ({White should try} 32. Bh6 $18 {White threatens Rg8+ and mate.} Nf8 33. Rxd8+ Kxd8 34. Bxf8) 32... Ke7 {[%emt 0:00:03] Weighted Error Value: White=1.21/Black=0.97.  Loses game:     	---       	Black=2      Missed win:     	White=4     	---        Mistake:       	White=2     	Black=6      OK:         	White=6     	Black=2      Best:        	White=1     	Black=6} 1/2-1/2

[Event "CCT Chessable Masters D-III 2024"]
[Site "Online"]
[Date "2024.02.05"]
[Round "56"]
[White "bardiya_Daneshvar"]
[Black "Safarli, Eltaj"]
[Result "1/2-1/2"]
[ECO "E32"]
[WhiteElo "2629"]
[BlackElo "2604"]
[Annotator "RC"]
[PlyCount "132"]
[EventDate "2024.01.12"]
[EventType "k.o."]
[EventCountry "NET"]
[SourceTitle "playchess.com"]
[Source "ChessBase"]
[SourceQuality "1"]
[TimeControl "600+2"]

1. d4 Nf6 2. c4 e6 3. Nc3 Bb4 4. Qc2 O-O 5. e4 d5 6. e5 Ne4 7. Bd3 c5 8. Nf3 cxd4 9. Nxd4 f5 10. exf6 Nxf6 11. cxd5 exd5 12. O-O Nc6 13. Nxc6 bxc6 14. Ne2 Bd7 15. a3 Bd6 16. Bf4 Qc7 17. Bxd6 Qxd6 18. Rac1 Ng4 19. Ng3 Qh6 20. h3 Rxf2 21. Rxf2 Nxf2 22. Kxf2 Qf4+ 23. Kg1 Qxg3 24. Bxh7+ Kh8 25. Rf1 Bxh3 26. Bf5 Rf8 27. Kh1 Bxf5 28. Rxf5 Qh4+ 29. Kg1 Re8 30. Qc5 Re1+ 31. Rf1 Rxf1+ 32. Kxf1 Qf6+ 33. Kg1 Qxb2 34. Qxa7 Qc1+ 35. Kh2 Qf4+ 36. Kg1 Kh7 37. Qd7 Qe3+ 38. Kh2 Qe5+ 39. Kg1 c5 40. a4 c4 41. Qh3+ Kg6 42. Qg4+ Kf6 43. Qf3+ Ke7 44. Qa3+ Kd7 45. a5 Qd4+ 46. Kh1 Kc6 47. Qa4+ Kc7 48. a6 Qh4+ 49. Kg1 Qe1+ 50. Kh2 Qe5+ 51. Kh1 Qe1+ 52. Kh2 Qh4+ 53. Kg1 Qd4+ 54. Kh1 Qa7 55. Qb5 Kd6 56. Kh2 Qc7 57. Qa4 c3 58. a7 Ke6+ 59. g3 c2 60. a8=Q c1=Q 61. Q8e8+ Kf6 62. Qh4+ Qg5 63. Qf8+ Kg6 64. Qe8+ Kf6 65. Qf8+ Kg6 66. Qe8+ Kf6 1/2-1/2

[Event "CCT Chessable Masters D-III 2024"]
[Site "Online"]
[Date "2024.02.05"]
[Round "56"]
[White "Paravyan, David"]
[Black "Bortnyk, Oleksandr"]
[Result "0-1"]
[ECO "B04"]
[WhiteElo "2612"]
[BlackElo "2645"]
[Annotator "TA"]
[PlyCount "88"]
[EventDate "2024.01.12"]
[EventType "k.o."]
[EventCountry "NET"]
[SourceTitle "playchess.com"]
[Source "ChessBase"]
[SourceQuality "1"]
[TimeControl "600+2"]

1. e4 Nf6 2. e5 Nd5 3. d4 d6 4. Nf3 dxe5 5. Nxe5 c6 6. h4 Nd7 7. Nf3 N7f6 8. c4 {[%emt 0:00:01] White is slightly better.} Nb6 9. Nc3 Bg4 10. Be3 e6 11. Qb3 Bxf3 12. gxf3 Qc7 13. O-O-O Nbd7 14. Kb1 a5 (14... O-O-O $14) 15. Bh3 Bb4 16. d5 exd5 17. cxd5 O-O 18. Rhg1 Ne5 (18... Kh8 $142) 19. Bg5 $16 Nxd5 20. Nxd5 cxd5 21. Qxd5 (21. Rxd5 $16 {Black must now prevent h5.} Ra6 22. a3) 21... Qc5 {[%emt 0:00:45] [#]} (21... Kh8 $14) 22. Rg3 $2 (22. Qxb7 Rab8 23. Qd5 Qxd5 24. Rxd5 Nxf3 $11) (22. a3 $1 $18 Qxd5 23. Rxd5 Nxf3 24. Rg2) 22... Qxd5 $14 23. Rxd5 {[%emt 0:00:00][%cal Oa2a3] Hoping for a3!} Rfe8 $1 24. h5 Nc4 25. Rg1 Re2 $1 26. Bf6 {[%emt 0:00:01] A strong pair of Bishops.} Bf8 27. Bc3 ({White should play} 27. Bxg7 $11 Bxg7 28. h6 Rxf2 (28... Rxb2+ 29. Ka1 $11) (28... Nd2+ $2 29. Kc1 $18) 29. b3 Na3+ (29... Rxf3 30. Rxg7+ Kf8 31. bxc4 $16) 30. Kc1) 27... Rxf2 $15 28. a4 Rxf3 29. Rb5 $2 {[%emt 0:00:00][%mdl 8192] [#]} Rxh3 $19 {[%emt 0:00:03] Black is clearly winning.} 30. Rxb7 Rxh5 31. Rg4 Nd6 32. Rb6 Rd5 33. Ka2 h5 34. Rf4 g6 35. Rc6 Rc8 36. Ra6 Rf5 37. Rd4 g5 38. Bxa5 Rc4 39. Bc3 Rxd4 40. Bxd4 h4 41. Rc6 h3 42. Rc3 Rf4 43. Be5 Rxa4+ 44. Kb3 Rh4 {[%emt 0:00:01] Never resign too early!   Weighted Error Value: White=0.61/Black=0.22 (precise) .  Loses game:     	White=1     	---        Missed win:     	White=1     	---        Mistake:       	White=2     	Black=3      Inaccurate:     	White=3     	Black=2      OK:         	White=8     	Black=9      Best:        	---       	Black=4      Strong:       	---       	Black=1} 0-1

[Event "CCT Chessable Masters D-III 2024"]
[Site "Online"]
[Date "2024.02.05"]
[Round "56"]
[White "Safarli, Eltaj"]
[Black "bardiya_Daneshvar"]
[Result "1/2-1/2"]
[ECO "B50"]
[WhiteElo "2604"]
[BlackElo "2631"]
[Annotator "TA"]
[PlyCount "70"]
[EventDate "2024.01.12"]
[EventType "k.o."]
[EventCountry "NET"]
[SourceTitle "playchess.com"]
[Source "ChessBase"]
[SourceQuality "1"]
[TimeControl "600+2"]

1. e4 c5 2. Nf3 d6 3. Nc3 Nf6 4. e5 dxe5 5. Nxe5 a6 6. g3 Qd6 7. Nf3 b5 8. Bg2 {[%emt 0:00:00] The position is equal.} Bb7 9. O-O e6 10. d3 Be7 11. a4 b4 12. Nb1 O-O 13. Nbd2 Qc7 14. Nc4 Nd5 15. Re1 Nc6 16. h4 Rad8 17. Bd2 h6 18. c3 Bf6 19. Rc1 bxc3 20. bxc3 Rd7 {[%emt 0:00:32] [#]} (20... Na5 $11) 21. Qe2 (21. Nh2 $1 $16) 21... Rfd8 (21... Na5 $5) 22. Nh2 Na5 {[%emt 0:02:54] [#]} (22... Be7 $16) 23. Ng4 (23. Bxd5 $1 $18 {And now Nxa5 would win.} Rxd5 (23... Bxd5 24. Nxa5 Ba8 25. Nc4 $11) 24. Nxa5 (24. Bf4 e5 $17)) 23... Nxc4 $14 24. dxc4 h5 $1 25. cxd5 hxg4 26. Bf4 $1 (26. dxe6 $2 {loses.} Rxd2 27. Qxg4 Bxg2 28. Kxg2 Qc6+ 29. Kg1 fxe6 30. Rxe6 Qd5 $19) (26. Qxg4 Bxd5 27. Bxd5 Rxd5 $11) 26... e5 $1 27. Be3 (27. Bxe5 {simplifies} Bxe5 28. Qxe5 Qxe5 29. Rxe5 Bxd5 30. Rce1) 27... Bxd5 28. Bxd5 Rxd5 29. Qxg4 Qc8 (29... c4 $11 {remains equal.}) 30. Qxc8 $16 Rxc8 31. Red1 {[%emt 0:00:00] Repels c4} Rxd1+ 32. Rxd1 e4 33. c4 Bd4 34. Rb1 ({Don't play} 34. Bxd4 Rd8 $18) 34... Bxe3 35. fxe3 Rd8 {[%emt 0:00:04] Weighted Error Value: White=0.15 (very precise) /Black=0.15 (very precise) .  Mistake:       	White=2     	Black=3      Inaccurate:     	White=1     	Black=2      OK:         	White=7     	Black=14     Best:        	White=2     	Black=2      Strong:       	White=1     	Black=2} 1/2-1/2

[Event "CCT Chessable Masters D-III 2024"]
[Site "Online"]
[Date "2024.02.05"]
[Round "57"]
[White "Bortnyk, Oleksandr"]
[Black "Safarli, Eltaj"]
[Result "1-0"]
[ECO "D00"]
[WhiteElo "2655"]
[BlackElo "2604"]
[Annotator "TA"]
[PlyCount "46"]
[EventDate "2024.01.12"]
[EventType "k.o."]
[EventCountry "NET"]
[SourceTitle "playchess.com"]
[Source "ChessBase"]
[SourceQuality "1"]
[TimeControl "600+2"]

1. d4 Nf6 2. Nc3 d5 3. Bf4 a6 4. e3 e6 5. a3 c5 6. Nf3 Nc6 7. Bd3 b5 8. dxc5 {[%emt 0:00:05] The position is equal.} Bxc5 9. O-O Qe7 10. e4 d4 11. e5 dxc3 12. exf6 Qxf6 {[%emt 0:00:02][%mdl 8192] [#] Loses the game.} (12... gxf6 $11 13. bxc3 Bb7) 13. Bg5 $18 {[%emt 0:00:04] White is clearly winning.} cxb2 14. Bxf6 gxf6 15. Ra2 Bb7 16. Rxb2 O-O-O 17. Qe2 Rhg8 18. g3 (18. Bxh7 $2 {too greedy.} Nd4 19. Qd3 Bxf3 (19... Nxf3+ 20. Kh1 $19) 20. Bxg8 Rxg8 $19) 18... Bxa3 19. Rb3 Bd6 20. Be4 f5 21. Bxc6 Bxc6 22. c4 Rg4 23. cxb5 Bxb5 {[%emt 0:00:04] Weighted Error Value: White=0.06 (flawless) /Black=0.67.  Loses game:     	---       	Black=1      Inaccurate:     	---       	Black=1      OK:         	White=4     	Black=4      Best:        	White=2     	---} 1-0

[Event "CCT Chessable Masters D-III 2024"]
[Site "Online"]
[Date "2024.02.05"]
[Round "57"]
[White "Bortnyk, Oleksandr"]
[Black "Safarli, Eltaj"]
[Result "0-1"]
[ECO "B22"]
[WhiteElo "2653"]
[BlackElo "2604"]
[Annotator "TA"]
[PlyCount "76"]
[EventDate "2024.01.12"]
[EventType "k.o."]
[EventCountry "NET"]
[SourceTitle "playchess.com"]
[Source "ChessBase"]
[SourceQuality "1"]
[TimeControl "600+2"]

1. e4 c5 2. c3 d5 3. exd5 Nf6 4. Qa4+ Nbd7 5. Qb3 g6 6. Nf3 Bg7 7. Be2 O-O 8. O-O {[%emt 0:00:02] The position is equal.} b6 9. d4 Bb7 $1 10. Bc4 Rc8 11. Re1 {[%emt 0:00:11] Wards off Ne4} Qc7 {[%emt 0:00:26] White should prevent ...cxd4.} 12. Nbd2 Qd6 13. Ne4 Nxe4 14. Rxe4 {[%emt 0:00:00] Strongly threatening Bf4.} cxd4 15. cxd4 {[%emt 0:00:26] [#] aiming for Bf4.} Rxc4 $1 16. Qxc4 {[%emt 0:00:36] Bf4 would now be deadly.} Bxd5 {[%emt 0:00:01] This pair of bishops is nice.} 17. Qe2 {[%emt 0:00:09] Hoping for Bf4.} Bxe4 18. Qxe4 Nf6 19. Qh4 Rc8 20. Bh6 ({White should play} 20. Qf4) 20... Rc2 $17 21. b3 Qc7 22. h3 Qc3 23. Re1 e6 (23... Rxa2 $2 24. Rxe7 Qc2 25. Bxg7 (25. Ne5 Bxh6 26. Nf3 Ra1+ 27. Re1 Rxe1+ 28. Nxe1 Qc1 $19) 25... Kxg7 26. Ne5 Qxb3 27. Qf4 $18 (27. Rxf7+ Qxf7 28. Nxf7 Kxf7 $18)) 24. Bg5 Nd5 $36 {[%emt 0:00:16][%cal Og7f8][%mdl 2048] Black is on the roll. Black is more active.} 25. Bh6 (25. Qg3 $17) 25... Bf6 $2 (25... Rxa2 26. Qd8+) (25... Bxh6 $19 {is more deadly.} 26. Qxh6 Nf6 (26... Rxa2 27. Qh4 $19)) 26. Bg5 {[%emt 0:00:01] [#] Now White is beyond hope.} (26. Qg4 $17 Bg7 (26... Rxa2 27. Rxe6 Qc8 28. Re1 $18) 27. Bxg7 Kxg7 28. Qe4) 26... Bxg5 $1 $19 27. Qxg5 Rxa2 28. h4 h5 (28... Qxb3 29. h5 Qa3 30. Re4 $17) 29. Rc1 $2 (29. Qe5) 29... Ra1 (29... Qxb3 30. Rc8+ Kh7 31. Qd8 Ra1+ 32. Kh2) 30. Rxa1 Qxa1+ {[%emt 0:00:01][%mdl 4096] Endgame. KQN-KQN} 31. Kh2 Qb2 32. Qd8+ Kg7 33. Ne5 Qxf2 {[%emt 0:00:21][%cal Od5f4] ...Nf4! is the strong threat.} 34. Nd7 Qf4+ (34... Qxd4 $2 35. Qf8+ Kh7 36. Qxf7+ Kh6 37. g3 $17) 35. Kh1 Ne3 {[%emt 0:00:13] Black mates.} (35... Qxd4 36. Qf8+ Kh7 37. Qxf7+ Kh6 38. g3 $17) 36. Qf8+ Kh7 37. Qe7 Qf1+ 38. Kh2 Qxg2# {[%emt 0:00:00] Weighted Error Value: White=0.70/Black=0.25 (precise) .  Loses game:     	White=1     	---        Missed win:     	---       	Black=1      Mistake:       	White=3     	---        Inaccurate:     	White=6     	Black=1      OK:         	White=6     	Black=12     Best:        	White=2     	Black=4      Strong:       	---       	Black=2} 0-1